 Dungeon Crawl Stone Soup version 0.27-a0-1290-g15d3ce7508 (webtiles) character file.

Game seed: 16750937697843554448

104 27snakeeyes612 the Skirmisher (level 4, 0/24 HPs)
             Began as a Vine Stalker Fighter on June 15, 2021.
             Slain by an ogre (16 damage)
             ... on level 4 of the Dungeon.
             The game lasted 00:01:57 (2637 turns).

27snakeeyes612 the Skirmisher (VSFi)                Turns: 2637, Time: 00:01:57

Health: 0/24       AC:  7    Str: 20    XL:     4   Next: 80%
Magic:  0/5        EV:  7    Int:  8    God:
Gold:   111        SH:  9    Dex: 13    Spells: 3/3 levels left

rFire    . . .     SeeInvis .   a - +0 flail
rCold    . . .     Faith    .   c - +0 kite shield
rNeg     . . .     Spirit   +   b - +0 scale mail
rPois    .         Reflect  .   r - +0 helmet
rElec    .         Harm     .   (no cloak)
rCorr    .         Rampage  .   (no gloves)
Will     .....                  (no boots)
Stlth    ..........             (no amulet)
HPRegen  1.08/turn              (no ring)
MPRegen  0.09/turn              (no ring)

@: no status effects
A: fangs 2, regeneration 1, magic shield, antimagic bite, no potion heal 2
a: no special abilities


You were on level 4 of the Dungeon.
You visited 1 branch of the dungeon, and saw 4 of its levels.

You collected 111 gold pieces.

Inventory:

Hand Weapons
 a - a +0 flail (weapon)
 h - a +0 whip
 n - a +0 quick blade
Armour
 b - a +0 scale mail (worn)
 c - a +0 kite shield (worn)
 r - a +0 helmet (worn)
Jewellery
 o - a ring of positive energy
Scrolls
 e - a scroll of fog {unknown}
 f - a scroll of acquirement {unknown}
 g - a scroll of vulnerability {unknown}
 i - a scroll of amnesia {unknown}
 j - 3 scrolls of identify {unknown}
 k - 2 scrolls of teleportation {unknown}
 l - a scroll of enchant armour {unknown}
 m - a scroll of silence {unknown}
 p - a scroll of brand weapon {unknown}
Potions
 d - a potion of might
 q - a potion of resistance {unknown}
 s - a potion of flight {unknown}


   Skills:
 + Level 3.2 Fighting
 + Level 0.1 Short Blades
 - Level 2.8 Maces & Flails
 + Level 3.0 Armour
 - Level 0.2 Dodging
 - Level 0.2 Stealth
 + Level 3.2 Shields


You had 3 spell levels left.
You didn't know any spells.
Your spell library was empty.

Dungeon Overview and Level Annotations

Branches:
Dungeon (4/15)
 Temple: D:4-7

Altars:
Gozag

Shops:
D:2 (

Annotations:
D:2 exclusion: downstairs
D:3 Sigmund


Innate Abilities, Weirdness & Mutations

You have extremely sharp teeth.
Your natural rate of healing is unusually fast.
When hurt, damage is shared between your health and your magic reserves.
Your bite disrupts and absorbs the magic of your enemies.
Potions cannot restore your health.


Message History

An ufetubus is nearby!
An ufetubus is nearby!
Your shield and scale mail prevent you from hitting the ufetubus.
The ufetubus is heavily wounded.
You block the ufetubus's attack.
The ufetubus hits you but does no damage.
You block the ufetubus's attack. The ufetubus barely misses you.
You barely miss the ufetubus.
The ufetubus is heavily wounded.
The ufetubus barely misses you. x2
Your shield prevents you from hitting the ufetubus.
The ufetubus is heavily wounded.
The ufetubus hits you but does no damage.
The ufetubus hits you.
You barely miss the ufetubus. You bite the ufetubus.
You kill the ufetubus!
Your Armour skill increases to level 3!
No target in view!
No target in view!
No target in view!
No target in view!
No target in view!
Magic restored.
Found a scale mail.
You see here a +0 scale mail.
s - a murky red potion
Found a stone staircase leading up.
No target in view!
An ogre comes into view. It is wielding a +0 giant spiked club.
An ogre is nearby!
An ogre is nearby!
a - a +0 flail (weapon)
You sock the ogre! You bite the ogre. You drain its power.
The ogre is heavily wounded.
The ogre hits you with a +0 giant spiked club!
You hit the ogre. You bite the ogre. You drain its power.
You feel invigorated.
The ogre is severely wounded.
The ogre hits you with a +0 giant spiked club!!
Ouch! That really hurt!
You die...

.##.# #.# #.#
.)..# #.# #.#
.########### #.#
#.###
.##......... ..#
#...#
..#.######## ###
###.# #...# #.#
..### #.# ###
##############.#
......O@.......#
################


You could see an ogre.

Vanquished Creatures
  2 gnolls (D:1)
  2 adders (D:2)
  An ufetubus (D:4)
  A worm (D:2)
  2 bats (D:2)
  4 endoplasms
  A giant cockroach (D:3)
  5 goblins
  6 hobgoblins
  12 jackals
  4 ball pythons
  A frilled lizard (D:1)
  9 kobolds
  2 rats (D:2)
52 creatures vanquished.

Notes
Turn   | Place    | Note
-------+----------+-------------------------------------------
     0 | D:1      | 27snakeeyes612 the Vine Stalker Fighter began the quest for
                  | the Orb.
     0 | D:1      | Reached XP level 1. HP: 11/11 MP: 2/2
   160 | D:1      | Found a faded altar of an unknown god.
   181 | D:1      | Reached XP level 2. HP: 9/16 MP: 3/3
   512 | D:1      | Reached XP level 3. HP: 12/20 MP: 4/4
  1224 | D:1      | You fall into a shaft and drop 1 floor!
  1739 | D:2      | Gained mutation: Your natural rate of healing is unusually
                  | fast. [Vine Stalker growth]
  1739 | D:2      | Reached XP level 4. HP: 24/24 MP: 5/5
  1944 | D:2      | Found Pishig's Weapon Emporium.
  2385 | D:3      | Noticed Sigmund
  2477 | D:3      | Found an opulent altar of Gozag.
  2630 | D:4      | Noticed an ogre
  2637 | D:4      | Slain by an ogre

Illustrated notes

Levels and vault maps discovered:
D:1:      sevenhm_arrival_forest_fort_large_2, layout_basic,
          ebering_ecumenical_altar_box, nrook_loot_triangle
D:2:      layout_basic, serial_shops, shop
D:3:      layout_rooms, nicolae_gozag_cash_rules_everything_around_me,
          corexii_corridor_pit, uniq_crazy_yiuf_cottage, uniq_terence,
          uniq_sigmund
D:4:      layout_basic, lemuel_tele_altar, minmay_vboxes

Skill      XL: |  1  2  3  4 |
---------------+-------------+-----
Maces & Flails | 2 |  2.8
Fighting       | 3 |  3.2
Shields        | 3 |  3.2
Armour         | 3 |  3.0
Short Blades   | |  0.1
Dodging        | |  0.2
Stealth        | |  0.2

Action                   |  1- 3 |  4- 6 || total
-------------------------+-------+-------++-------
Melee: Flail             |    60 |     2 ||    62
       Bite              |    20 |    20 ||    40
       Whip              |    42 |    30 ||    72
       Quick blade       |       |    42 ||    42
Armor: Scale mail        |    52 |    38 ||    90
Dodge: Dodged            |    33 |    22 ||    55
Block: Kite shield       |    46 |    47 ||    93

Table legend: (Time is in decaauts)
 A = Elapsed time spent in this place.
 B = Non-inter-level travel time spent in this place.
 C = Inter-level travel time spent in this place.
 D = Time resting spent in this place.
 E = Time spent auto-exploring this place.
 F = Levels seen in this place.
 G = Mean time per level.
                   A        B        C        D        E       F      G
               +--------+--------+--------+--------+--------+-----+--------+
         Total |   2684 |   2572 |    112 |      0 |   2160 |   4 |  671.0 |
       Dungeon |   2684 |   2572 |    112 |      0 |   2160 |   4 |  671.0 |
               +--------+--------+--------+--------+--------+-----+--------+

Top non-repeatable levels by time:
     D:1: 1616 daAuts
     D:2: 857 daAuts
     D:4: 131 daAuts
     D:3: 79 daAuts
